 Dungeon Crawl Stone Soup version 0.29-a0-1009-g60c99734e7 (webtiles) character file.

Game seed: 11891607684185915834

5592 drugrobin the Cleaver (level 10, 0/78 HPs)
             Began as a Demigod Fighter on Aug 9, 2022.
             Slain by a four-headed hydra (8 damage)
             ... on level 1 of the Lair of Beasts.
             The game lasted 00:21:13 (10590 turns).

drugrobin the Cleaver (Demigod Fighter)            Turns: 10590, Time: 00:21:14

Health: 0/78       AC: 11    Str: 29    XL:     10   Next: 21%
Magic:  13/13      EV:  8    Int: 10    God:
Gold:   329        SH:  5    Dex: 13    Spells: 9/9 levels left

rFire   + . .      SeeInvis .   H - +5 spear (vorpal)
rCold   + . .      Faith    .   (no shield)
rNeg    . . .      Spirit   .   y - +0 chain mail {rC+}
rPois   .          Reflect  +   (no helmet)
rElec   .          Harm     .   E - +0 cloak
rCorr   .          Rampage  .   r - +0 pair of gloves
Will    ++...                   (no boots)
Stlth   ..........              l - amulet of reflection
HPRegen 0.23/turn               F - ring of protection from fire
MPRegen 0.13/turn               A - ring of willpower

@: studying 2 skills
A: high MP 1, forlorn, divine attributes
a: no special abilities


You were on level 1 of the Lair of Beasts.
You visited 2 branches of the dungeon, and saw 10 of its levels.

You collected 329 gold pieces.

Inventory:

Hand Weapons
 a - a +0 war axe
 b - a +1 flail of venom
 c - a +5 battleaxe
 H - a +5 vorpal spear (weapon)
 J - the +7 falchion of Responsibility {drain, Dex+4}
   (You found it on level 2 of the Dungeon)

   A truly terrible weapon, it drains the life of any living foe it strikes.
   Dex:       It affects your dexterity (+4).
Missiles
 g - 12 poisoned darts
 C - 2 boomerangs (quivered)
Armour
 r - a +0 pair of gloves (worn)
 w - a scarf of invisibility
 y - a +0 chain mail of cold resistance (worn)
 E - a +0 cloak (worn)
 G - a +0 buckler
Jewellery
 j - a ring of ice
 l - an amulet of reflection (around neck)
 A - a ring of willpower (right hand)
 F - a ring of protection from fire (left hand)
Scrolls
 e - a scroll of fear {unknown}
 f - 10 scrolls of identify {unknown}
 h - 3 scrolls of poison {unknown}
 i - 5 scrolls of immolation {unknown}
 k - 2 scrolls of blinking {unknown}
 n - 2 scrolls of magic mapping {unknown}
 p - 2 scrolls of amnesia {unknown}
 q - a scroll of noise {unknown}
 s - a scroll of enchant weapon {unknown}
 t - a scroll of fog {unknown}
 u - 2 scrolls of vulnerability {unknown}
 v - a scroll of acquirement {unknown}
 x - a scroll of brand weapon {unknown}
Potions
 d - a potion of might
 m - a potion of berserk rage {unknown}
 o - a potion of heal wounds
 z - a potion of brilliance {unknown}
 B - a potion of degeneration
 D - a potion of attraction {unknown}
 I - a potion of lignification {unknown}


   Skills:
 + Level 3.9 Fighting
 * Level 12.0 Axes
 - Level 2.6 Armour
 - Level 2.6 Shields
 + Level 7.5 Evocations


You had 9 spell levels left.
You didn't know any spells.
Your spell library contained the following spells:

 Spells                   Type           Power      Damage    Failure   Level
 Apportation              Tloc           0%         N/A       91%         1
 Magic Dart               Conj           0%         1d3       91%         1
 Necrotise                Necr           0%         1d4       91%         1
 Summon Small Mammal      Summ           0%         N/A       91%         1
 Call Imp                 Summ           0%         N/A       97%         2
 Poisonous Vapours        Pois/Air       0%         N/A       97%         2
 Static Discharge         Conj/Air       0%         3-3/arc   97%         2
 Call Canine Familiar     Summ           0%         N/A       99%         3
 Gell's Gravitas          Tloc           0%         N/A       99%         3
 Mephitic Cloud           Conj/Pois/Air  0%         N/A       99%         3
 Summon Guardian Golem    Hex/Summ       0%         N/A       99%         3
 Teleport Other           Tloc           0%         N/A       99%         3
 Corpse Rot               Necr/Pois/Air  0%         N/A       100%        4
 Lightning Bolt           Conj/Air       0%         1d11      100%        5
 Dispersal                Tloc           0%         N/A       100%        6
 Maxwell's Capacitive Co  Air            0%         ∞         100%        8


Dungeon Overview and Level Annotations

Branches:
Dungeon (9/15)             Temple (0/1) D:7            Lair (1/5) D:8
    Orc: D:9-12

Shops:
D:8 *

Annotations:
D:7 exclusion: oklob sapling


Innate Abilities, Weirdness & Mutations

You have an increased reservoir of magic. (+10% MP)
You shall have no god before yourself.
Your divine heritage dramatically boosts your attributes as you level up.


Message History

You throw a boomerang.
The boomerang hits the four-headed hydra but does no damage.
Unknown command.
Unknown command.
Unknown command.
Reach: H) +5 spear (vorpal)
Press: ? - help, Dir - move target, f/p - four-headed hydra
Aim: a four-headed hydra (about 17% to evade your +5 vorpal spear)
You reach to attack!
You barely miss the four-headed hydra.
Unknown command.
Unknown command.
You hit the four-headed hydra.
The four-headed hydra is lightly wounded.
The four-headed hydra bites you.
The four-headed hydra bites you but does no damage.
The four-headed hydra bites you. The four-headed hydra bites you!
Unknown command.
Unknown command.
You hit the four-headed hydra.
The four-headed hydra is lightly wounded.
Unknown command.
Unknown command.
You puncture the four-headed hydra!
The four-headed hydra is moderately wounded.
The four-headed hydra bites you!
You block the four-headed hydra's attack.
The four-headed hydra bites you. The four-headed hydra bites you!
Unknown command.
Unknown command.
Unknown command.
Unknown command.
Unknown command.
You barely miss the four-headed hydra.
The four-headed hydra is moderately wounded.
The four-headed hydra bites you! The four-headed hydra bites you.
* * * LOW HITPOINT WARNING * * *
The four-headed hydra bites you!
* * * LOW HITPOINT WARNING * * *
The four-headed hydra bites you!
You die...

#... ###....
.#)....
.......
##....... #
#........
#.#D.......
#.@.......
#..#........
#. .........
..
..........
..
.........#.
..
.........##
.
..........#
..!....##.##


You could see a four-headed hydra.

Vanquished Creatures
  A two-headed ogre (D:8)
  A death yak (D:8)
  An unseen horror (D:7)
  A shadow (D:8)
  2 yaks
  A wyvern (D:7)
  A steam dragon (D:8)
  3 water moccasins
  2 sky beasts (D:7)
  2 ice beasts
  2 black bears
  2 ogres (D:5)
  4 centaurs
  A phantom (D:4)
  2 gnoll sergeants
  5 bullfrogs
  A wyvern zombie (D:7)
  A necrophage (D:4)
  2 scorpions
  5 wights
  4 killer bees
  2 howler monkeys (D:8)
  A bullfrog zombie (D:7)
  3 hounds
  Crazy Yiuf (D:5)
  2 gnoll boudas
  2 orc priests (D:6)
  3 iguanas
  5 orc wizards
  2 killer bee zombies (D:7)
  3 howler monkey zombies (D:7)
  16 gnolls
  3 adders
  A shadow imp (D:7)
  3 white imps
  4 worms
  4 dart slugs
  27 orcs
  9 ball pythons
  5 bats
  4 endoplasms
  3 giant cockroaches
  8 goblins
  8 hobgoblins
  3 jackals (D:4)
  2 quokkas
  2 frilled lizards (D:1)
  3 kobolds
  6 rats
179 creatures vanquished.

Vanquished Creatures (others)
  22 plants
  2 withered plants (D:7)
24 creatures vanquished.

Grand Total: 203 creatures vanquished

Notes
Turn   | Place    | Note
-------+----------+-------------------------------------------
     0 | D:1      | drugrobin the Demigod Fighter began the quest for the Orb.
     0 | D:1      | Reached XP level 1. HP: 18/18 MP: 3/3
    25 | D:1      | Reached skill level 2 in Axes
   168 | D:1      | Reached XP level 2. HP: 25/25 MP: 4/4
   479 | D:1      | Reached skill level 3 in Axes
   574 | D:2      | Reached XP level 3. HP: 30/30 MP: 5/5
   716 | D:2      | Identified the +7 falchion of Responsibility {drain, Dex+4}
  1926 | D:3      | Reached skill level 4 in Axes
  2136 | D:4      | Reached XP level 4. HP: 37/37 MP: 6/6
  2139 | D:4      | Noticed a phantom
  2153 | D:4      | Killed a phantom
  2154 | D:4      | Reached skill level 5 in Axes
  2219 | D:4      | Reached XP level 5. HP: 42/42 MP: 7/7
  2514 | D:4      | Reached skill level 1 in Evocations
  2738 | D:5      | Entered Level 5 of the Dungeon
  2801 | D:5      | Reached skill level 6 in Axes
  2801 | D:5      | Reached XP level 6. HP: 47/50 MP: 8/8
  2841 | D:5      | You fall into a shaft and drop 1 floor!
  3469 | D:6      | Reached XP level 7. HP: 56/56 MP: 9/9
  3488 | D:6      | Reached skill level 7 in Axes
  4457 | D:5      | Found a runed translucent door.
  4458 | D:5      | Noticed Crazy Yiuf
  4804 | D:5      | Killed Crazy Yiuf
  4805 | D:5      | Reached skill level 8 in Axes
  5103 | D:6      | Reached XP level 8. HP: 8/62 MP: 10/10
  6113 | D:7      | Reached skill level 9 in Axes
  6216 | D:7      | Reached skill level 5 in Evocations
  6725 | D:7      | HP: 3/62 [something (7)]
  6731 | D:7      | HP: 3/62 [something (7)]
  6740 | D:7      | Killed an unseen horror
  6741 | D:7      | Reached skill level 10 in Axes
  6741 | D:7      | Reached XP level 9. HP: 25/68 MP: 11/11
  7019 | D:7      | Found a staircase to the Ecumenical Temple.
  7483 | D:8      | Noticed a death yak
  8143 | D:8      | Reached skill level 11 in Axes
  8171 | D:8      | Noticed a two-headed ogre
  8962 | D:8      | Noticed a death yak
  8971 | D:8      | Noticed a death yak
  8986 | D:8      | Killed a death yak
  9232 | D:8      | Noticed a death yak
  9395 | D:8      | Reached XP level 10. HP: 77/77 MP: 13/13
  9462 | D:8      | Found Ynirikycin's Mass Market.
  9928 | D:8      | Found a staircase to the Lair.
  9948 | D:8      | Killed a two-headed ogre
 10092 | D:7      | Reached skill level 12 in Axes
 10583 | Lair:1   | Entered Level 1 of the Lair of Beasts
 10583 | Lair:1   | Noticed a four-headed hydra
 10590 | Lair:1   | Slain by a four-headed hydra

Illustrated notes

Levels and vault maps discovered:
D:1:      eino_arrival_tree_alley, layout_rooms, ebering_ecumenical_altar_ruins
D:2:      layout_basic, basic_altar
D:3:      layout_basic, kiku_gazebo_garden_becter, lemuel_tele_altar,
          minmay_between
D:4:      layout_rooms, nzn_wu_jian_contemplation,
          mainiacjoe_overflow_six_doors_small, minmay_manual_mess
D:5:      layout_layer_cave, lemuel_coloured_pillars_altar,
          mainiacjoe_overflow_surrounded_room, uniq_crazy_yiuf_cottage
D:6:      layout_rooms, xom_butterflies, tso_altar, kennysheep_mini,
          nrook_loot_triangle
D:7:      layout_loops_ring, minmay_temple_entry_oklob, serial_undead,
          serial_undead_c, serial_undead_a, serial_undead_a, serial_undead_b,
          grunt_tough_drop
D:8:      layout_rooms, mainiacjoe_overflow_alcove_1, dpeg_lair_monsters,
          small_chamber_with_monster, minmay_shop_mass, st_stairs_4
D:9:      layout_roguey
Lair:1:   layout_hall_layers

Skill      XL: |  1  2  3  4  5  6  7  8  9 10 |
---------------+-------------------------------+-----
Axes           | 2 3 4 5 6 8 10 11 12 | 12.0
Evocations     | 1 2 4 5 7 |  7.5
Fighting       | 3 |  3.9
Armour         | |  2.6
Shields        | |  2.6

Action                   |  1- 3 |  4- 6 |  7- 9 | 10-12 || total
-------------------------+-------+-------+-------+-------++-------
Melee: War axe           |    51 |       |    96 |       ||   147
       Falchion          |    49 |   102 |    41 |       ||   192
       Battleaxe         |       |       |   168 |    38 ||   206
       Spear             |       |       |       |     5 ||     5
Throw: Dart              |       |     8 |    21 |     6 ||    35
       Boomerang         |       |       |    11 |     2 ||    13
       Throwing net      |       |       |       |     1 ||     1
  Use: Potion            |       |       |     7 |       ||     7
 Stab: Held in net/web   |       |       |       |     1 ||     1
Armor: Scale mail        |    31 |    19 |       |       ||    50
       Chain mail        |       |    12 |   189 |    23 ||   224
Dodge: Dodged            |    30 |    37 |   119 |     9 ||   195
Block: Buckler           |    29 |    50 |    90 |       ||   169
       Reflection        |       |       |     7 |       ||     7
       Other             |       |       |    33 |     4 ||    37

Table legend: (Time is in decaauts)
 A = Elapsed time spent in this place.
 B = Non-inter-level travel time spent in this place.
 C = Inter-level travel time spent in this place.
 D = Time resting spent in this place.
 E = Time spent auto-exploring this place.
 F = Levels seen in this place.
 G = Mean time per level.
                   A        B        C        D        E       F      G
               +--------+--------+--------+--------+--------+-----+--------+
         Total |  10739 |  10408 |    331 |   3649 |   4595 |  10 | 1073.9 |
       Dungeon |  10734 |  10403 |    331 |   3649 |   4595 |   9 | 1192.7 |
          Lair |      5 |      5 |      0 |      0 |      0 |   1 |    5.0 |
               +--------+--------+--------+--------+--------+-----+--------+

Top non-repeatable levels by time:
     D:7: 3631 daAuts
     D:6: 1762 daAuts
     D:8: 1300 daAuts
     D:5: 1147 daAuts
     D:2: 1053 daAuts
     D:4: 706 daAuts
     D:1: 577 daAuts
     D:3: 509 daAuts
     D:9: 45 daAuts
  Lair:1: 5 daAuts
